 Dungeon Crawl Stone Soup version 0.28-a0-1624-g820543e53a (webtiles) character file.

Game seed: 15233665469455213177

276 HallandMoats the Skirmisher (level 6, -5/55 HPs)
             Began as a Ghoul Fighter on Jan 24, 2022.
             Was an Initiate of Ashenzari.
             Slain by an ogre (7 damage)
             ... on level 3 of the Dungeon.
             The game lasted 00:04:16 (2867 turns).

HallandMoats the Skirmisher (Ghoul Fighter)         Turns: 2867, Time: 00:04:17

Health: -5/55      AC: 10    Str: 20    XL:     6   Next: 25%
Magic:  5/5        EV:  7    Int:  5    God:    Ashenzari [......]
Gold:   140        SH:  4    Dex:  8    Spells: 5/5 levels left

rFire   . . .      SeeInvis .     - Unarmed
rCold   + . .      Faith    .   b - +0 buckler
rNeg    + + +      Spirit   .   j - +1 chain mail {rPois}
rPois   ∞          Reflect  .   (no helmet)
rElec   .          Harm     .   (no cloak)
rCorr   +          Rampage  .   (no gloves)
Will    .....                   (no boots)
Stlth   ..........              (no amulet)
HPRegen 0.00/turn               f - ring of resist corrosion
MPRegen 0.09/turn               (no ring)

@: inhibited regen
A: claws 1, cold resistance 1, negative energy resistance 3, inhibited
regeneration, torment resistance 2
a: Renounce Religion, Curse Item


You were on level 3 of the Dungeon.
You worshipped Ashenzari.
Ashenzari was noncommittal.
You visited 1 branch of the dungeon, and saw 4 of its levels.

You collected 140 gold pieces.

Inventory:

Armour
 b - a +0 buckler (worn)
 j - a +1 chain mail of poison resistance (worn)
Jewellery
 f - a ring of resist corrosion (left claw)
Scrolls
 e - a scroll of enchant armour {unknown}
 g - 2 scrolls of silence {unknown}
 i - a scroll of fog {unknown}
 l - a scroll of identify {unknown}
Potions
 a - a potion of mutation {unknown}
 c - a potion of might
 d - a potion of curing {unknown}
 h - a potion of ambrosia {unknown}
 k - a potion of flight {unknown}


   Skills:
 * Level 4.9 Fighting
 + Level 3.3 Armour
 + Level 1.6 Dodging
 + Level 3.4 Shields
 * Level 4.1 Unarmed Combat


You had 5 spell levels left.
You didn't know any spells.
Your spell library contained the following spells:

 Spells                   Type           Power      Damage    Failure   Level
 Gell's Gravitas          Tloc           0%         N/A       100%        3
 Teleport Other           Tloc           0%         N/A       100%        3
 Dispersal                Tloc           0%         N/A       100%        6


Dungeon Overview and Level Annotations

Branches:
Dungeon (4/15)
 Temple: D:4-7

Altars:
Ashenzari


Innate Abilities, Weirdness & Mutations

You thrive by killing the living.
You are immune to poison.
You have sharp fingernails.
Your flesh is cold resistant. (rC+)
You are immune to negative energy. (rN+++)
You do not regenerate when monsters are visible.
You are immune to unholy pain and torment.


Message History

There is a stone staircase leading up here.
The adder skeleton bites you but does no damage.
You climb upwards.
There is a stone staircase leading down here.
You climb downwards.
The adder skeleton bites you but does no damage.
There is a stone staircase leading up here.
You block the orc's attack.
You climb upwards.
There is a stone staircase leading down here.
The ogre hits you with a +0 giant spiked club!!
You scratch the orc.
The orc is severely wounded.
The orc hits you but does no damage.
You scratch the orc.
You kill the orc!
You feel better.
You scratch the ogre but do no damage.
The ogre hits you with a +0 giant spiked club.
You scratch the ogre.
The ogre is lightly wounded.
You block the ogre's attack.
You scratch the ogre.
The ogre is moderately wounded.
You barely miss the ogre.
The ogre is moderately wounded.
The ogre hits you with a +0 giant spiked club!
You completely miss the ogre.
The ogre is moderately wounded.
The ogre barely misses you.
You claw the ogre!
The ogre is severely wounded.
You scratch the ogre.
The ogre is severely wounded.
The ogre hits you with a +0 giant spiked club!!
* * * LOW HITPOINT WARNING * * *
You scratch the ogre.
The ogre is almost dead.
The ogre hits you with a +0 giant spiked club!
You die...

####### #......# #######.....#
###.####.# #####.......###.#
#......#.## #...........# #.#
#.#.#.##..# #...#.#####.#
#.###.#.......# #.....#####.#
#.........##..# #.#.......#.#
#####.#..###..#
#.###.##.##.#######.#.......#####
.....<.÷........@O...>...........
#.#.#.#...#.##.####.#..###.#####.
#..)..#...#.##.#....#....#.# #.
####.##...#....#.......#.#.# #.
...#.##...##......######.#.# #†
##.#.#...................#.# #.
#..#....#.##......########.# #.
...#...##.##....(.# #.# #.
#..#.####.######### ####.#####.


You could see an ogre.

Vanquished Creatures
  2 orc priests (D:2)
  Jessica (D:2)
  Terence (D:3)
  4 adders (D:2)
  15 dart slugs
  6 orcs
  6 endoplasms
  2 giant cockroaches (D:3)
  8 hobgoblins
  20 jackals
  3 quokkas
  6 ball pythons
  5 bats
  7 frilled lizards
  4 goblins
  6 kobolds
  3 rats
99 creatures vanquished.

Vanquished Creatures (others)
  An orc (D:3)
1 creature vanquished.

Grand Total: 100 creatures vanquished

Notes
Turn   | Place    | Note
-------+----------+-------------------------------------------
     0 | D:1      | HallandMoats the Ghoul Fighter began the quest for the Orb.
     0 | D:1      | Reached XP level 1. HP: 19/19 MP: 0/0
   130 | D:1      | Reached XP level 2. HP: 24/26 MP: 1/1
   469 | D:1      | Reached XP level 3. HP: 28/33 MP: 2/2
   868 | D:2      | Reached XP level 4. HP: 40/40 MP: 3/3
  1020 | D:2      | Found a faded altar of an unknown god.
  1049 | D:2      | Reached skill level 1 in Dodging
  1110 | D:2      | Prayed at the altar of an unknown god.
  1110 | D:2      | Became a worshipper of Ashenzari the Shackled
  1129 | D:2      | Noticed Jessica
  1153 | D:2      | Killed Jessica
  1450 | D:2      | Reached XP level 5. HP: 30/47 MP: 4/4
  2151 | D:3      | Reached XP level 6. HP: 46/53 MP: 5/5
  2405 | D:3      | Noticed Terence
  2414 | D:3      | Killed Terence
  2866 | D:3      | HP: 2/55 [ogre (22)]
  2867 | D:3      | Slain by an ogre

Illustrated notes

Levels and vault maps discovered:
D:1:      shiori_shiawase, layout_basic, minmay_misc_feat_rows
D:2:      layout_rooms, ebering_ecumenical_altar_hall, hangedman_decor_push,
          uniq_jessica
D:3:      kennysheep_slugbush, layout_basic, nicolae_underground_beach,
          uniq_terence
D:4:      layout_loops_ring, minmay_bent, uniq_grinder

Skill      XL: |  1  2  3  4  5  6 |
---------------+-------------------+-----
Unarmed Combat | 3 4 |  4.1
Shields        | 3 |  3.4
Fighting       | 4 |  4.9
Dodging        | 1 |  1.6
Armour         | 3 |  3.3

Action                   |  1- 3 |  4- 6 || total
-------------------------+-------+-------++-------
Melee: Unarmed           |   135 |   221 ||   356
Armor: Scale mail        |    60 |    80 ||   140
       Chain mail        |       |    44 ||    44
Dodge: Dodged            |    57 |    98 ||   155
Block: Buckler           |    33 |    53 ||    86

Table legend: (Time is in decaauts)
 A = Elapsed time spent in this place.
 B = Non-inter-level travel time spent in this place.
 C = Inter-level travel time spent in this place.
 D = Time resting spent in this place.
 E = Time spent auto-exploring this place.
 F = Levels seen in this place.
 G = Mean time per level.
                   A        B        C        D        E       F      G
               +--------+--------+--------+--------+--------+-----+--------+
         Total |   2886 |   2819 |     67 |    514 |   1543 |   4 |  721.5 |
       Dungeon |   2886 |   2819 |     67 |    514 |   1543 |   4 |  721.5 |
               +--------+--------+--------+--------+--------+-----+--------+

Top non-repeatable levels by time:
     D:2: 1233 daAuts
     D:1: 854 daAuts
     D:3: 780 daAuts
     D:4: 18 daAuts
